 Dungeon Crawl Stone Soup version 0.30-a0-743-gbfdf073431 (webtiles) character file.

Game seed: 4770429549649458966

17 retardedninja the Ducker (level 2, -5/14 HPs)
             Began as a Felid Berserker on Feb 6, 2023.
             Was a Follower of Trog.
             Slain by a worm (12 damage)
             ... on level 2 of the Dungeon.
             The game lasted 00:00:43 (635 turns).

retardedninja the Ducker (Felid Berserker)           Turns: 635, Time: 00:00:43

Health: -5/14      AC:  1    Str: 13    XL:     2   Next: 44%
Magic:  3/3        EV: 18    Int:  8    God:    Trog [*.....]
Gold:   35         SH:  0    Dex: 15    Spells: 1/1 levels left
                                        Lives:  0   Deaths: 0

rFire   . . .      SeeInvis +      - Unarmed
rCold   . . .      Faith    .    (shield unavailable)
rNeg    . . .      Spirit   .    (body armour unavailable)
rPois   .          Reflect  .    (helmet unavailable)
rElec   .          Harm     .    (cloak unavailable)
rCorr   .          Rampage  .    (gloves unavailable)
Will    .....                    (boots unavailable)
Stlth   +                        (no amulet)
HPRegen 0.22/turn                (no ring)
MPRegen 0.08/turn                (no ring)

@: quick
A: very small, claws 1, fangs 3, see invisible, speed 1, shaggy fur 1, stealthy
paws, no weapons or thrown items, no armour, multi-lived
a: Renounce Religion, Berserk


You were on level 2 of the Dungeon.
You worshipped Trog.
Trog was aware of your devotion.
You visited 1 branch of the dungeon, and saw 2 of its levels.

You collected 35 gold pieces.

Inventory:

Scrolls
 a - a scroll of fog {unknown}
 b - a scroll of brand weapon {unknown}
 e - a scroll of identify {unknown}
Potions
 c - a potion of magic {unknown}
 d - a potion of mutation {unknown}


   Skills:
 + Level 3.3 Fighting
 + Level 4.4 Dodging
 + Level 3.3 Unarmed Combat


You had one spell level left.
You didn't know any spells.
Your spell library was empty.

Dungeon Overview and Level Annotations

Branches:
Dungeon (2/15)

Altars:


Innate Abilities, Weirdness & Mutations

You have sharp claws.
You have razor-sharp teeth.
You have supernaturally acute eyesight. (SInv)
You cover ground quickly. (Speed+)
You are covered in fur. (AC +1)
Your paws help you pounce on unaware monsters.
You are incapable of wielding weapons or throwing items.
You cannot wear armour.
You gain extra lives every three experience levels.


Message History

You scratch the goblin.
The goblin is moderately wounded.
The goblin hits you with a +0 club.
You are too injured to fight recklessly!
You are too injured to fight recklessly!
The goblin hits you but does no damage.
You scratch the goblin.
You kill the goblin!
Trog accepts your kill. The worm barely misses you.
Things that are here:
a +0 club; a goblin corpse You barely miss the worm.
You bite the worm.
The worm is lightly wounded.
You scratch the worm.
The worm is heavily wounded.
The worm bites you.
You barely miss the worm.
The worm is moderately wounded.
The worm completely misses you.
You claw the worm!
The worm is severely wounded.
You barely miss the worm.
The worm is severely wounded.
The worm misses you.
You scratch the worm but do no damage.
The worm is severely wounded.
You completely miss the worm.
The worm is severely wounded.
The worm barely misses you.
You scratch the worm but do no damage.
The worm is severely wounded.
The worm misses you.
You barely miss the worm.
The worm is heavily wounded.
You scratch the worm.
The worm is severely wounded.
The worm bites you!
Ouch! That really hurt!
You die...

#....(.....#
#...?......#
#..........###
#.............
#..........#
#..........#
#..# #w## #@#
#.# ####.#####
#........#
#........#
##........#
#.........#
#.).......#
#...........


You could see a worm.

Vanquished Creatures
  3 bats
  2 endoplasms
  3 giant cockroaches
  2 goblins (D:2)
  2 hobgoblins (D:1)
  2 kobolds (D:1)
14 creatures vanquished.

Notes
Turn   | Place    | Note
-------+----------+-------------------------------------------
     0 | D:1      | retardedninja the Felid Berserker began the quest for the
                  | Orb.
     0 | D:1      | Reached XP level 1. HP: 10/10 MP: 2/2
   222 | D:1      | Reached XP level 2. HP: 14/14 MP: 3/3
   253 | D:1      | Found a faded altar of an unknown god.
   635 | D:2      | Slain by a worm

Illustrated notes

Levels and vault maps discovered:
D:1:      scummos_arrival_star, layout_basic, basic_ecumenical_altar
D:2:      layout_rooms, basic_altar

Action                     || total
---------------------------++-------
  Melee: Unarmed           ||    42
         Bite              ||     5
   Stab: Sleeping          ||     1
 Armour: Skin              ||     3
  Dodge: Dodged            ||    32

Table legend: (Time is in decaauts)
 A = Elapsed time spent in this place.
 B = Non-inter-level travel time spent in this place.
 C = Inter-level travel time spent in this place.
 D = Time resting spent in this place.
 E = Time spent auto-exploring this place.
 F = Levels seen in this place.
 G = Mean time per level.
                   A        B        C        D        E       F      G
               +--------+--------+--------+--------+--------+-----+--------+
         Total |    535 |    527 |      8 |     91 |    340 |   2 |  267.5 |
       Dungeon |    535 |    527 |      8 |     91 |    340 |   2 |  267.5 |
               +--------+--------+--------+--------+--------+-----+--------+

Top non-repeatable levels by time:
     D:1: 400 daAuts
     D:2: 135 daAuts
